 Dungeon Crawl Stone Soup version 0.30-a0-802-gb92711bcdf (webtiles) character file.

Game seed: 12867075332280334523

392 Demosthentine the Chopper (level 6, -5/33 HPs)
             Began as a Vine Stalker Chaos Knight on Feb 25, 2023.
             Was a Plaything of Xom.
             Slain by a gnoll bouda
             ... wielding a +0 club
              (8 damage)
             ... on level 4 of the Dungeon.
             The game lasted 00:02:15 (2570 turns).

Demosthentine the Chopper (VSCK)                    Turns: 2570, Time: 00:02:15

Health: -5/33      AC:  3    Str: 16    XL:     6   Next: 81%
Magic:  0/7        EV: 12    Int: 10    God:    Xom [....*.]
Gold:   218        SH:  0    Dex: 14    Spells: 5/5 levels left

rFire   . . .      SeeInvis .    a - +0 hand axe (chaos)
rCold   . . .      Faith    .    (no shield)
rNeg    . . .      Spirit   +    b - +2 leather armour
rPois   .          Reflect  .    (no helmet)
rElec   .          Harm     .    (no cloak)
rCorr   .          Rampage  .    (no gloves)
Will    .....                    (no boots)
Stlth   +                        (no amulet)
HPRegen 1.05/turn                (no ring)
MPRegen 0.10/turn                (no ring)

@: no status effects
A: fangs 2, regeneration 1, magic shield, antimagic bite, no potion heal 2,
deformed body, dopey 1
a: Renounce Religion


You were on level 4 of the Dungeon.
You worshipped Xom.
You were a beloved toy of Xom.
You visited 1 branch of the dungeon, and saw 4 of its levels.

You collected 218 gold pieces.

Inventory:

Hand Weapons
 a - a +0 hand axe of chaos (weapon)
Armour
 b - a +2 leather armour (worn)
Scrolls
 h - a scroll of fog
 l - a scroll of magic mapping
 n - 2 scrolls of teleportation
 p - a scroll of summoning {unknown}
 q - a scroll of identify
 r - a scroll of fear {unknown}
Potions
 d - 3 potions of magic
 e - a potion of invisibility
 f - a potion of flight
 g - a potion of brilliance
 i - a potion of ambrosia {unknown}
 j - a potion of curing
 k - 2 potions of degeneration {unknown}
 m - a potion of mutation {unknown}
 o - a potion of attraction {unknown}
Miscellaneous
 c - a piece from Xom's chessboard (15/15) (quivered)


   Skills:
 + Level 4.0 Fighting
 + Level 4.1 Axes
 + Level 3.1 Armour
 + Level 2.7 Dodging


You had 5 spell levels left.
You didn't know any spells.
Your spell library contained the following spells:

 Spells                   Type           Power      Damage    Failure   Level
 Stone Arrow              Conj/Erth      0%         3d7       80%         3
 Tukima's Dance           Hex            0%         N/A       80%         3
 Animate Armour           Summ/Erth      0%         N/A       99%         4
 Passage of Golubria      Tloc           0%         N/A       99%         4
 Yara's Violent Unravell  Hex/Tmut       0%         3d3       100%        5
 Lehudib's Crystal Spear  Conj/Erth      0%         10d2      100%        8


Dungeon Overview and Level Annotations

Branches:
Dungeon (4/15)
 Temple: D:4-7

Altars:


Innate Abilities, Weirdness & Mutations

You have extremely sharp teeth.
Your natural rate of healing is unusually fast.
When hurt, damage is shared between your health and your magic reserves.
Your bite disrupts and absorbs the magic of your enemies.
Potions cannot restore your health.
Armour fits poorly on your strangely shaped body.
You are dopey. (Int -2)


Message History

You barely miss the queen bee.
The queen bee is severely wounded.
The queen bee barely misses you.
You barely miss the queen bee.
The queen bee is severely wounded.
The queen bee stings you!
The kobold throws a stone.
The stone hits you.
Unknown command.
You closely miss the queen bee.
You bite the queen bee, but do no damage.
The queen bee is severely wounded.
The queen bee stings you!
* * * LOW HITPOINT WARNING * * *
Unknown command.
You are too injured to fight recklessly!
Unknown command.
You are too injured to fight recklessly!
Unknown command.
You are too injured to fight recklessly!
Unknown command.
Unknown command.
Unknown command.
Okay, then.
You hit the queen bee but do no damage.
The queen bee easily resists.
The queen bee is severely wounded.
You barely miss the kobold. The queen bee barely misses you.
The kobold barely misses you.
Unknown command.
You hit the queen bee. You freeze the queen bee.
The queen bee is severely wounded.
You hit the kobold.
Space warps around the kobold.
You kill the kobold!
The queen bee stings you!
* * * LOW HITPOINT WARNING * * *
You barely miss the queen bee.
You bite the queen bee, but do no damage.
The queen bee is severely wounded.
You hit the gnoll bouda.
The gnoll bouda is poisoned.
The gnoll bouda hits you with a +0 club!
You die...
Xom laughs nastily!

+#..##....(.... ##....
#...†'......... #[....
#...†#.....<.#. #?..8.
##..##.......#. #!....
##'##...).##... #...K
##..##...)))##..
.Jo##....##.........
#y#g....###..†..#.#
#.@##..###.....(###
+.[..####...........
#....#.#............
########..##.##...........
#...#..####..##...........
#...#.....................
##........................
##................###......
#.................####..###


You could see a queen bee shaped shifter, a gnoll bouda (very poisoned), an orc,
an endoplasm and a kobold.

Vanquished Creatures
  Eustachio (D:4)
  A scorpion (D:4)
  An iguana (D:4)
  4 gnolls (D:3)
  5 adders
  An ufetubus (D:4)
  2 dart slugs
  2 worms
  7 orcs
  7 ball pythons
  2 endoplasms (D:2)
  2 giant cockroaches
  7 hobgoblins
  8 jackals (D:2)
  9 kobolds
  3 quokkas
  2 bats (D:2)
  A frilled lizard (D:1)
  7 goblins
  7 rats
79 creatures vanquished.

Notes
Turn   | Place    | Note
-------+----------+-------------------------------------------
     0 | D:1      | Demosthentine the Vine Stalker Chaos Knight began the quest
                  | for the Orb.
     0 | D:1      | Reached XP level 1. HP: 11/11 MP: 2/2
   136 | D:1      | Reached skill level 1 in Dodging
   233 | D:1      | Reached XP level 2. HP: 16/16 MP: 1/3
   318 | D:1      | XOM: silly message
   451 | D:1      | XOM: silly message
   545 | D:1      | XOM: give mutation
   545 | D:1      | Gained mutation: You are dopey. (Int -2) [Xom's mischief]
   651 | D:1      | XOM: torment (10/16 hp)
   676 | D:1      | XOM is BORED!
   757 | D:2      | Reached XP level 3. HP: 19/20 MP: 2/4
   961 | D:2      | Gained mutation: Your natural rate of healing is unusually
                  | fast. [Vine Stalker growth]
   961 | D:2      | Reached XP level 4. HP: 19/24 MP: 1/5
  1081 | D:2      | XOM: swap monsters
  1111 | D:2      | XOM: give mutation
  1111 | D:2      | Gained mutation: Armour fits poorly on your strangely
                  | shaped body. [Xom's mischief]
  1345 | D:2      | XOM: 3-stop teleportation journey
  1720 | D:3      | Found a faded altar of an unknown god.
  2081 | D:3      | Reached XP level 5. HP: 24/28 MP: 6/6
  2083 | D:3      | XOM: cast spell 'Summon Small Mammal'
  2263 | D:4      | Noticed Eustachio
  2268 | D:4      | XOM: swap monsters
  2269 | D:4      | Killed Eustachio
  2270 | D:4      | Reached XP level 6. HP: 28/33 MP: 4/7
  2319 | D:4      | Identified the +1 sling "Poem" {elec, Str+2 Dex+4}
  2388 | D:4      | XOM: enchant monster (good)
  2472 | D:4      | XOM: god gift: scroll labelled UWNUZE QAGGAWI {god gift}
  2511 | D:4      | XOM: butterfly on damage
  2560 | D:4      | a ball python changed into a shapeshifter
  2560 | D:4      | Noticed a shapeshifter (shapeshifter)
  2560 | D:4      | a shapeshifter changed into a queen bee
  2560 | D:4      | Noticed a queen bee (shapeshifter)
  2569 | D:4      | HP: 1/33 [queen bee (shapeshifter) (9)]
  2570 | D:4      | Slain by a gnoll bouda

Illustrated notes

Levels and vault maps discovered:
D:1:      wander_arrival_desolate, layout_basic
D:2:      layout_loops_cross
D:3:      layout_loops_ring, ebering_ecumenical_altar_hall
D:4:      minmay_bubble_buster, layout_cave_pools, minmay_pentomino_pile,
          uniq_eustachio

Skill      XL: |  1  2  3  4  5  6 |
---------------+-------------------+-----
Dodging        | 1 2 |  2.7
Fighting       | 3 4 |  4.0
Axes           | 3 4 |  4.1
Armour         | 2 3 |  3.1

Action                     |  1- 3 |  4- 6 || total
---------------------------+-------+-------++-------
  Melee: Hand axe          |    76 |   123 ||   199
         Bite              |    15 |    38 ||    53
         Punch             |     2 |     2 ||     4
    Use: Scroll            |     1 |     6 ||     7
         Potion            |       |     2 ||     2
   Stab: Confused          |       |     2 ||     2
 Armour: Leather armour    |    36 |    25 ||    61
  Dodge: Dodged            |    65 |    68 ||   133

Table legend: (Time is in decaauts)
 A = Elapsed time spent in this place.
 B = Non-inter-level travel time spent in this place.
 C = Inter-level travel time spent in this place.
 D = Time resting spent in this place.
 E = Time spent auto-exploring this place.
 F = Levels seen in this place.
 G = Mean time per level.
                   A        B        C        D        E       F      G
               +--------+--------+--------+--------+--------+-----+--------+
         Total |   2595 |   2511 |     84 |      0 |   2056 |   4 |  648.8 |
       Dungeon |   2595 |   2511 |     84 |      0 |   2056 |   4 |  648.8 |
               +--------+--------+--------+--------+--------+-----+--------+

Top non-repeatable levels by time:
     D:2: 769 daAuts
     D:3: 758 daAuts
     D:1: 755 daAuts
     D:4: 311 daAuts
